 Dungeon Crawl Stone Soup version 0.30.0-5-g1a98f26d00 (webtiles) character file.

Game seed: 4678343147478125535

301 GigaChad the Shield-Bearer (level 6, -1/49 HPs)
             Began as a Formicid Fighter on May 13, 2023.
             Slain by Duvessa
             ... wielding a +0 short sword
              (9 damage)
             ... on level 4 of the Dungeon.
             The game lasted 00:03:31 (2715 turns).

GigaChad the Shield-Bearer (Formicid Fighter)       Turns: 2715, Time: 00:03:31

Health: -1/49      AC:  9    Str: 23    XL:     6   Next: 64%
Magic:  6/6        EV:  8    Int:  7    God:
Gold:   213        SH:  6    Dex: 13    Spells: 5/5 levels left

rFire   . . .        a - +2 war axe
rCold   . . .        c - +1 buckler
rNeg    . . .        r - +0 chain mail
rPois   .            (helmet unavailable)
rElec   .            (no cloak)
rCorr   .            (no gloves)
SInv    +            (no boots)
Will    .....        (no amulet) Stlth
                     (no ring)
HPRegen 0.28/turn    (no ring)
MPRegen 0.10/turn

%: no passive effects
@: lit by a corona, glowing
A: permanent stasis, dig shafts and tunnels, antennae 3, four strong arms
a: Dig, Shaft Self


You were on level 4 of the Dungeon.
You visited 1 branch of the dungeon, and saw 4 of its levels.

You collected 213 gold pieces.

Inventory:

Hand Weapons
 a - a +2 war axe (weapon)
Armour
 c - a +1 buckler (worn)
 r - a +0 chain mail (worn)
Scrolls
 b - a scroll of vulnerability {unknown}
 e - a scroll of fear
 i - a scroll of poison
 k - a scroll of fog {unknown}
 s - a scroll of teleportation {unknown}
 t - 2 scrolls of identify
 u - a scroll of magic mapping {unknown}
 v - a scroll of enchant armour
Potions
 d - a potion of might
 f - a potion of lignification {unknown}
 g - a potion of heal wounds
 h - 2 potions of resistance
 j - a potion of curing {unknown}
 l - 2 potions of brilliance {unknown}
 m - a potion of mutation {unknown}
 n - a potion of flight {unknown}
 o - 2 potions of attraction {unknown}
 p - a potion of magic {unknown}
 q - a potion of degeneration {unknown}


   Skills:
 * Level 4.4 Fighting
 * Level 4.6 Axes
 * Level 4.5 Armour
 - Level 0.3 Dodging
 * Level 4.9 Shields


You had 5 spell levels left.
You didn't know any spells.
Your spell library contained the following spells:

 Spells                   Type           Power      Damage    Failure   Level
 Slow                     Hex            0%         N/A       97%         1
 Sublimation of Blood     Necr           0%         N/A       99%         2
 Confusing Touch          Hex            0%         N/A       100%        3
 Ignite Poison            Fire/Tmut/Pois 0%         N/A       100%        3
 Ozocubu's Armour         Ice            0%         N/A       100%        3
 Vampiric Draining        Necr           0%         2d6       100%        3
 Petrify                  Tmut/Erth      0%         N/A       100%        4
 Sticky Flame             Conj/Fire      0%         2d3       100%        4
 Irradiate                Conj/Tmut      0%         3d11      100%        5
 Ozocubu's Refrigeration  Ice            0%         4d7       100%        7
 Ignition                 Fire           0%         3d3       100%        8


Dungeon Overview and Level Annotations

Branches:
Dungeon (4/15)
 Temple: D:4-7

Altars:

Annotations:
D:4 Duvessa


Innate Abilities, Weirdness & Mutations

You cannot be hasted, slowed, berserked, paralysed or teleported.
You can dig through walls and to a lower floor.
You have a pair of large antennae on your head. (SInv)
Your four strong arms can wield two-handed weapons with a shield.


Message History

Dowan smirks and points a slender finger.
Dowan hits you with a +0 dagger. Duvessa barely misses you.
You slash Dowan!
You kill Dowan!
Duvessa screams in rage.
Duvessa goes berserk!
You hit Duvessa. Duvessa hits you but does no damage.
You block Duvessa's attack.
Unknown command.
You barely miss Duvessa.
Duvessa is heavily wounded.
You block Duvessa's attack. Duvessa hits you but does no damage.
Unknown command.
You closely miss Duvessa.
Duvessa is heavily wounded.
Duvessa completely misses you. You block Duvessa's attack.
Unknown command.
You hit Duvessa but do no damage.
Duvessa is heavily wounded.
Duvessa hits you with a +0 short sword! Duvessa completely misses you.
You hit Duvessa.
Duvessa is severely wounded.
Duvessa hits you but does no damage.
Unknown command.
Unknown command.
You completely miss Duvessa.
Duvessa is severely wounded.
Duvessa closely misses you. x2
Unknown command.
You hit Duvessa.
Duvessa is severely wounded.
Duvessa hits you with a +0 short sword. Duvessa barely misses you.
You closely miss Duvessa.
Duvessa is severely wounded.
Duvessa hits you with a +0 short sword. Duvessa hits you with a +0 short sword!
* * * LOW HITPOINT WARNING * * *
Unknown command.
You hit Duvessa.
Duvessa is severely wounded.
Duvessa barely misses you. Duvessa hits you with a +0 short sword!
You die...

.#. .# #. .....# ##.
#....# .. #...# ..
{##..# #. ##.#..#
#.##?.##..###+#####
#.#...# #..........
#e@...+{##.........
#)#...###..........
...##..##...........
###.
##.#............ #.
{##..##+##....†. #.
#...# .##...... ..
#..............)
#.#..##############
...# #


You could see Duvessa (berserk).

Vanquished Creatures
  A scorpion (D:4)
  Dowan (D:4)
  Jessica (D:2)
  Natasha (D:4)
  Terence (D:2)
  4 adders
  An ufetubus (D:4)
  A worm (D:2)
  5 dart slugs
  An orc (D:3)
  6 bats (D:2)
  2 endoplasms (D:2)
  2 giant cockroaches
  9 goblins
  8 hobgoblins
  6 jackals
  7 kobolds
  7 ball pythons
  5 frilled lizards
  4 rats
73 creatures vanquished.

Notes
Turn   | Place    | Note
-------+----------+-------------------------------------------
     0 | D:1      | GigaChad the Formicid Fighter began the quest for the Orb.
     0 | D:1      | Reached XP level 1. HP: 18/18 MP: 1/1
    87 | D:1      | Reached XP level 2. HP: 19/24 MP: 2/2
   789 | D:2      | Noticed Terence
   792 | D:2      | Reached XP level 3. HP: 27/30 MP: 3/3
   802 | D:2      | Killed Terence
  1089 | D:2      | Reached XP level 4. HP: 37/37 MP: 4/4
  1095 | D:2      | Noticed Jessica
  1109 | D:2      | Killed Jessica
  1542 | D:2      | Reached XP level 5. HP: 42/42 MP: 5/5
  2608 | D:4      | Reached XP level 6. HP: 48/48 MP: 6/6
  2625 | D:4      | Noticed Natasha
  2633 | D:4      | Killed Natasha
  2698 | D:4      | Noticed Duvessa
  2700 | D:4      | Noticed Dowan
  2707 | D:4      | Killed Dowan
  2715 | D:4      | Slain by Duvessa

Illustrated notes

Levels and vault maps discovered:
D:1:      dpeg_arrival_shrine, layout_loops_ring, minmay_split_cup_large
D:2:      minmay_chambers_of_ones, layout_loops_ring, minmay_quadrilaterals,
          uniq_jessica, uniq_terence
D:3:      layout_loops_ring, minmay_strange_pillars
D:4:      layout_basic, nicolae_ossuary_entry_giza, serial_shops, shop,
          amethyst_killhole, minmay_gold_behind_fungi, uniq_natasha,
          uniq_duvessa, uniq_pikel, uniq_blork_the_orc

Skill      XL: |  1  2  3  4  5 |
---------------+----------------+-----
Armour         | 4 |  4.5
Fighting       | 4 |  4.4
Axes           | 3 4 |  4.6
Dodging        | |  0.3
Shields        | |  4.9

Action                     |  1- 3 |  4- 6 || total
---------------------------+-------+-------++-------
  Melee: War axe           |    49 |   148 ||   197
    Use: Scroll            |     7 |     3 ||    10
 Armour: Scale mail        |    30 |    45 ||    75
         Chain mail        |       |    22 ||    22
  Dodge: Dodged            |    23 |    70 ||    93
  Block: Buckler           |    21 |    48 ||    69
